 Dungeon Sprint DCSS version 0.26-a0-1058-g8dc6ce00ff (webtiles) character file.

Game seed: 11911927271127168808

241808 Adamkad1 the Formicid Barricade (level 21, -1/204 HPs)
             Began as a Formicid Fighter on Dec 13, 2020.
             Was the Champion of Wu Jian.
             Slain by Qoraix the pandemonium lord (9 damage)
             ... in the Dungeon (Sprint V: "Ziggurat Sprint").
             The game lasted 00:29:22 (2837 turns).

Adamkad1 the Formicid Barricade (Formicid Fighter)  Turns: 2837, Time: 00:29:23

Health: -1/204     AC: 41    Str: 42    XL:     21   Next: 3%
Magic:  43/47      EV: 11    Int:  9    God:    Wu Jian [******]
Gold:   0          SH:  0    Dex:  6    Spells: 50/64 levels left

rFire    + + +     SeeInvis +   C - +7 Sulking Sword {vorpal, sonic wave}
rCold    + + .     Faith    .   B - +18 shield of the Gong {rElec rN+ Will+ EV-5}
rNeg     + + +     Spirit   .   D - +5 gold dragon scales
rPois    +         Reflect  +   (helmet unavailable)
rElec    +         Harm     .   Z - +0 cloak {Stlth+}
rCorr    +         Rampage  .   X - +1 pair of gloves {archery}
Will     +++..                  N - +2 pair of boots of the Devil's Team {rF+ Str+2}
Stlth    ..........             I - amulet "Vitzexeu" {Reflect *Contam rC+ Int+2 SH+5 SInv}
HPRegen  0.44/turn              E - ring "Laahu" {+Fly rN++ rCorr Str+4 Dex-4}
MPRegen  0.30/turn              V - ring "Keomn" {rElec rPois rF++ Str+6 Int-2}

@: confused, exhausted, heavenly storm, glowing, studying 4 skills, silenced
A: permanent stasis, dig shafts and tunnels, four strong arms, antennae 3
a: Dig, Wall Jump, Renounce Religion, Evoke Flight


You were in the Dungeon.
You worshipped Wu Jian.
Wu Jian was exalted by your worship.
You visited 1 branch

Inventory:

Hand Weapons
 C - the +7 Sulking Sword (weapon) {vorpal, sonic wave}
   (You found it in the Dungeon)

   It inflicts extra damage upon your enemies.
Armour
 B - the +18 shield of the Gong (worn) {rElec rN+ Will+ EV-5}
   (You found it in the Dungeon)

   It affects your evasion (-5).
   It insulates you from electricity.
   It protects you from negative energy.
   It affects your willpower, your defense against some magical effects.
 D - +5 gold dragon scales (worn)
 N - the +2 pair of boots of the Devil's Team (worn) {rF+ Str+2}
   (You found it in the Dungeon)

   It affects your strength (+2).
   It protects you from fire.
 X - a +1 pair of gloves of archery (worn)
 Z - a +0 cloak of stealth (worn)
Jewellery
 c - the amulet "Tutek" {Spirit Int+5}
   (You took it off a yaktaur captain in the Dungeon)

   [amulet of guardian spirit]

   It causes incoming damage to be split between your health and magic.
   It affects your intelligence (+5).
 u - an uncursed ring of magical power
 v - an uncursed ring of magical power
 w - the amulet "Minug" {Acrobat rF+ rC- Dex+2}
   (You found it in the Dungeon)

   [amulet of the acrobat]

   It helps you evade while moving and waiting.
   It affects your dexterity (+2).
   It protects you from fire.
   It makes you vulnerable to cold.
 x - an uncursed amulet of magic regeneration
 y - the ring of the Mage {Wiz Will++ Int+3}
   (You found it in the Dungeon)

   [ring of wizardry]

   It improves your spell success rate.
   It affects your intelligence (+3).
   It affects your willpower, your defense against some magical effects.
 z - the amulet of Awe {Acrobat rN+ Str-3 Dex+7}
   (You found it in the Dungeon)

   [amulet of the acrobat]

   It helps you evade while moving and waiting.
   It affects your strength (-3).
   It affects your dexterity (+7).
   It protects you from negative energy.
 A - the ring "Mylurroh" {Ice rElec rN+ Str-2}
   (You found it in the Dungeon)

   [ring of ice]

   It enhances your ice magic.
   It affects your strength (-2).
   It makes you vulnerable to fire.
   It protects you from cold.
   It insulates you from electricity.
   It protects you from negative energy.
 E - the ring "Laahu" (left hand) {+Fly rN++ rCorr Str+4 Dex-4}
   (You found it in the Dungeon)

   [ring of resist corrosion]

   It affects your strength (+4).
   It affects your dexterity (-4).
   It greatly protects you from negative energy.
   It lets you fly.
   It provides partial protection from all sources of acid and corrosion.
 F - the ring "Haiwkiss" {rF+ rC+ Str+2 Dex-3 Slay+3}
   (You found it in the Dungeon)

   [ring of protection from fire]

   It affects your strength (+2).
   It affects your dexterity (-3).
   It affects your accuracy and damage with ranged weapons and melee attacks
   (+3).
   It protects you from fire.
   It protects you from cold.
 G - an uncursed ring of positive energy
 I - the amulet "Vitzexeu" (around neck) {Reflect *Contam rC+ Int+2 SH+5 SInv}
   (You took it off a frost giant in the Dungeon)

   [amulet of reflection]

   It shields you and reflects attacks.
   It affects your intelligence (+2).
   It protects you from cold.
   It lets you see invisible.
   It causes magical contamination when unequipped.
   It affects your SH (+5).
 J - an uncursed ring of protection from cold
 Q - an uncursed amulet of the acrobat
 S - the ring of Phasing {EV+8}
   (You found it in the Dungeon)

   [ring of evasion]

   It affects your evasion (+8).
 V - the ring "Keomn" (right hand) {rElec rPois rF++ Str+6 Int-2}
   (You found it in the Dungeon)

   [ring of strength]

   It affects your strength (+6).
   It affects your intelligence (-2).
   It greatly protects you from fire.
   It insulates you from electricity.
   It protects you from poison.
 Y - a +4 ring of evasion
Wands
 r - a wand of disintegration (7)
 s - a wand of iceblast (7)
 t - a wand of acid (7)
Scrolls
 k - 4 scrolls of brand weapon
 l - 4 scrolls of amnesia
 m - 8 scrolls of fog
 n - a scroll of holy word
 o - 5 scrolls of identify
 p - 5 scrolls of remove curse
 q - 2 scrolls of fear
Potions
 d - 6 potions of might
 e - 10 potions of curing
 f - 6 potions of heal wounds
 g - 7 potions of magic
 h - 2 potions of brilliance
 i - 2 potions of invisibility
 j - 3 potions of resistance
Books
 b - a manual of Slings
 H - a manual of Unarmed Combat
 K - a manual of Transmutations
 T - a manual of Bows
Miscellaneous
 a - a condenser vane
 L - a phial of floods
 M - a lightning rod (4/4)


   Skills:
 O Level 27 Fighting
 O Level 27 Long Blades
 O Level 27 Armour
 * Level 25.8 Dodging
 O Level 27 Shields
 + Level 22.1 Spellcasting
 * Level 23.6 Transmutations
 + Level 0.0 Earth Magic


You had 50 spell levels left.
You knew the following spells:

 Your Spells              Type           Power        Failure   Level
a - Wereblood             Tmut           ######..     0%          2
b - Irradiate             Conj/Tmut      ####......   3%          5
c - Beastly Appendage     Tmut           ######       0%          1
d - Statue Form           Tmut/Erth      ####.....    17%         6

Your spell library contained the following spells:

 Spells                   Type           Power        Failure   Level
 Passwall                 Tmut/Erth      ####....     1%          2
 Ignite Poison            Fire/Tmut/Pois ###.....     1%          3
 Spider Form              Tmut/Pois      ####......   1%          3
 Ice Form                 Ice/Tmut       ####....     1%          4
 Petrify                  Tmut/Erth      ####....     1%          4
 Blade Hands              Tmut           ######....   1%          5
 Alistair's Intoxication  Tmut/Pois      ####.....    3%          5
 Yara's Violent Unravell  Hex/Tmut       ####......   3%          5
 Corona                   Hex            #......      14%         1
 Foxfire                  Conj/Fire      #...         14%         1
 Sandblast                Erth           #.....       14%         1
 Summon Small Mammal      Summ           #...         14%         1
 Eringya's Noxious Bog    Tmut/Pois      ####......   17%         6
 Call Imp                 Summ           #.......     22%         2
 Corpse Rot               Necr/Air       N/A          22%         2
 Poisonous Vapours        Pois/Air       #.....       22%         2
 Sublimation of Blood     Necr           #.........   22%         2
 Confusing Touch          Hex            #.......     38%         3
 Conjure Flame            Conj/Fire      #.......     38%         3
 Gell's Gravitas          Tloc           #.........   38%         3
 Inner Flame              Hex/Fire       #.......     38%         3
 Lesser Beckoning         Tloc           #.........   38%         3
 Mephitic Cloud           Conj/Pois/Air  #.......     38%         3
 Static Discharge         Conj/Air       #.......     38%         3
 Stone Arrow              Conj/Erth      #.....       38%         3
 Teleport Other           Tloc           #.......     38%         3
 Airstrike                Air            #.........   80%         4
 Animate Dead             Necr           #.........   80%         4
 Cause Fear               Hex            #.........   80%         4
 Dispel Undead            Necr           #.......     80%         4
 Leda's Liquefaction      Hex/Erth       #.........   80%         4
 Passage of Golubria      Tloc           N/A          80%         4
 Sticky Flame             Conj/Fire      #.......     80%         4
 Summon Ice Beast         Ice/Summ       #.......     80%         4
 Agony                    Necr           #.......     98%         5
 Bolt of Magma            Conj/Fire/Erth #.........   98%         5
 Borgnjor's Vile Clutch   Necr/Erth      #.........   98%         5
 Excruciating Wounds      Necr           #.........   98%         5
 Fireball                 Conj/Fire      #.........   98%         5
 Iskenderun's Battlesphe  Conj           #.......     98%         5
 Lee's Rapid Deconstruct  Erth           #.........   98%         5
 Lightning Bolt           Conj/Air       #.........   98%         5
 Metabolic Englaciation   Hex/Ice        #.........   98%         5
 Silence                  Hex/Air        #.........   98%         5
 Death Channel            Necr           #.........   100%        6
 Freezing Cloud           Conj/Ice/Air   #.........   100%        6
 Iron Shot                Conj/Erth      #.........   100%        6
 Simulacrum               Ice/Necr       #.........   100%        6
 Starburst                Conj/Fire      #.........   100%        6
 Orb of Destruction       Conj           #.........   100%        7
 Spellforged Servitor     Conj/Summ      #.........   100%        7
 Summon Hydra             Summ           #.........   100%        7
 Discord                  Hex            #.........   100%        8
 Ignition                 Fire           #.........   100%        8
 Shatter                  Erth           #.........   100%        9
 Tornado                  Air            #.........   100%        9
 Blink                    Tloc           Unusable     N/A         2

Dungeon Overview and Level Annotations

Branches:
Dungeon (1/1)

Altars:
Ashenzari
Cheibriados
Dithmenos
Elyvilon
Fedhas
Gozag
Hepliaklqana
Kikubaaqudgha
Makhleb
Nemelex Xobeh
Okawaru
Qazlal
Ru
Sif Muna
Trog
Uskayaw
Vehumet
Wu Jian
Xom
Yredelemnul
Zin
The Shining One
Beogh
Jiyva
Lugonu


Innate Abilities, Weirdness & Mutations

You cannot be hasted, slowed, berserked, paralysed or teleported.
You can dig through walls and to a lower floor.
Your four strong arms can wield two-handed weapons with a shield.
You have a pair of large antennae on your head. (SInv)


Message History

* * * LOW HITPOINT WARNING * * *
The damnation engulfs Vaiciz!
The damnation engulfs Vothrog!!
The damnation engulfs Isodgh!!
The damnation engulfs Qoraix!!
The damnation engulfs Nelal!!
Vothrog hits you but does no damage. Space bends around you.
* * * LOW HITPOINT WARNING * * *
Isodgh blinks!
You revert to your normal fleshy form.
Your +1 pair of gloves of archery unmelds from your body.
The +2 pair of boots of the Devil's Team {rF+ Str+2} unmelds from your body.
Your +5 gold dragon scales unmelds from your body.
You feel that your aim is more steady.
You feel less confused.
Your primal bloodlust has ended.
You are no longer corroded.
Vothrog gestures.
You are confused.
Nelal closely misses you.
Vaiciz gestures.
Qoraix hits you!
You die... |.[)}.▓ {2{{)}{&{{{&&&)6"

......▓
.&..{"{{{&{§.{&.
......▓
.....{{{{{{{§§§.
......▓
...4.{{{{{{{§...
......▓
.....{☼6{&{{§...
...(..▓
.{..{§§☼§&☼{{...
......▓
.....r&&4§○.....
......▓
....{☼&&&&☼.....
......▓
.....r§@&§......
.....
.....☼§§§&......
.....
.....§§☼§§§.....
(▓...
▓...§§....▓...
▓▓▓.. .
▓▓.§☼☼...▓▓▓..
.▓...
..▓..☼○○....▓..
....
.....○☼§.......
....
...............
....
.......©.......


You could see Huakufew, Isodgh (clouds), Jemamp, Nelal, Qoraix (fast,
invisible), Sypp, Vaiciz, Vothrog, a hellwing and 2 hell rats.

Vanquished Creatures
  2 golden dragons (D)
  A bone dragon (D)
  3 pearl dragons (D)
  A tentacled monstrosity (D)
  An Ice Fiend (D)
  11 Orb Guardians (D)
  9 titans (D)
  8 deep elf blademasters (D)
  16 deep elf master archers (D)
  A storm dragon (D)
  8 daevas (D)
  6 deep elf sorcerers (D)
  A draconian scorcher (D)
  4 fire giants (D)
  11 frost giants (D)
  9 angels (D)
  A draconian shifter (D)
  12 stone giants (D)
  15 ophanim (D)
  3 apis (D)
  A green draconian (D)
  4 black draconians (D)
  10 deep elf annihilators (D)
  8 yellow draconians (D)
  9 red draconians (D)
  3 white draconians (D)
  4 ettins (D)
  2 purple draconians (D)
  2 death oozes (D)
  3 blizzard demons (D)
  2 merfolk impalers (D)
  8 merfolk javelineers (D)
  6 yaktaur captains (D)
  4 deep elf high priests (D)
  2 great orbs of eyes (D)
  5 ice dragons (D)
  A merfolk avatar (D)
  4 centaur warriors (D)
  3 merfolk aquamancers (D)
  9 dancing weapons (D)
  A vampire mage (D)
  A sixfirhy (D)
  6 deep elf knights (D)
  A skeletal warrior (D)
  A sea snake (D)
  9 cherubim (D)
  A spriggan druid (D)
  A deep troll (shapeshifter) (D)
  3 starcursed masses (D)
  An orb spider (shapeshifter) (D)
  5 deep elf archers (D)
  2 ugly things (D)
  13 deep elf magi (D)
  A shining eye (D)
  A manticore (shapeshifter) (D)
  3 necromancers (D)
  A mana viper (shapeshifter) (D)
  2 large abominations (D)
  9 cyclopes (D)
  A worldbinder (D)
  A water nymph (D)
  A water nymph (shapeshifter) (D)
  An eye of devastation (shapeshifter) (D)
  An eye of devastation (D)
  3 rime drakes (D)
  An efreet (D)
  8 yaktaurs (D)
  3 ice devils (D)
  3 freezing wraiths (D)
  A hellwing (D)
  3 merfolk (D)
  A hornet (D)
  2 polar bears (D)
  A hornet (shapeshifter) (D)
  A wind drake (shapeshifter) (D)
  A raiju (D)
  5 slime creatures (D)
  A flying skull (D)
  A spriggan (D)
  A water elemental (D)
  A vampire (D)
  A ynoxinul (D)
  2 fire elementals (D)
  A fire bat (D)
  2 golden eyes (D)
  A neqoxec (D)
  2 chaos spawn (D)
  A hell hound (D)
  3 orc warriors (D)
  9 ice beasts (D)
  4 necrophages (D)
  3 centaurs (D)
  3 black bears (D)
  2 phantoms (D)
  5 wolves (D)
  An earth elemental (D)
  3 small abominations (D)
  6 wights (D)
  3 jellies (D)
  An orc wizard (D)
  2 orc priests (D)
  An iron imp (D)
  2 shadow imps (D)
  3 white imps (D)
  4 ufetubi (D)
  3 oozes (D)
  5 adder skeletons (D)
  2 adder zombies (D)
  An orc (D)
  2 bat skeletons (D)
  2 bat zombies (D)
  3 bat simulacra (D)
  A leopard gecko simulacrum (D)
  A quokka zombie (D)
402 creatures vanquished.

Vanquished Creatures (others)
  An air elemental (D)
1 creature vanquished.

Grand Total: 403 creatures vanquished

Notes
Turn   | Place    | Note
-------+----------+-------------------------------------------
     0 | D        | Adamkad1 the Formicid Fighter began the quest for the Orb.
     0 | D        | Reached XP level 1. HP: 18/18 MP: 1/1
     0 | D        | Found a shimmering blue altar of Sif Muna.
     0 | D        | Found a bloodstained altar of Trog.
     0 | D        | Found a sacrificial altar of Ru.
     0 | D        | Found a stormy altar of Qazlal.
     0 | D        | Found an iron altar of Okawaru.
     1 | D        | Found a sparkling altar of Nemelex Xobeh.
     1 | D        | Found a blossoming altar of Fedhas.
     2 | D        | Found the +6 Majin-Bo {vamp, MP+6 Int+6}
     2 | D        | Found the +9 heavy crossbow "Sniper" {vorpal, Acc+∞ SInv}
     2 | D        | Found the +10 dark maul {vorpal}
     2 | D        | Found the +15 Maxwell's patent armour {-Cast -Tele rElec
                  | Will+ rCorr}
     2 | D        | Found the +18 shield of the Gong {rElec rN+ Will+ EV-5}
     2 | D        | Found the cursed +14 obsidian axe {vorpal, +Fly SInv
                  | *Curse}
     2 | D        | Found the +7 great mace "Firestarter" {inner flame, rF++}
     2 | D        | Found the +6 shillelagh "Devastator" {shatter}
     2 | D        | Found the +11 plutonium sword {*Contam Stlth-}
     2 | D        | Found the +8 lance "Wyrmbane" {slay drac, rPois rF+ rC+
                  | AC+3}
     2 | D        | Found the +9 sword of Zonguldrok {reap}
     2 | D        | Found the cursed +13 scythe of Curses {drain, *Curse}
     2 | D        | Found the +0 sword of Power
     2 | D        | Found the +7 mace of Variability {chain chaos}
     2 | D        | Found the +7 Singing Sword {vorpal, sonic wave}
     2 | D        | Found the +8 storm bow {elec, penet}
     4 | D        | Found an ancient bone altar of Kikubaaqudgha.
     4 | D        | Found a transporter.
     4 | D        | Found a corrupted altar of Lugonu.
     4 | D        | Found a viscous altar of Jiyva.
     4 | D        | Found a burning altar of Makhleb.
     4 | D        | Found a hazy altar of Hepliaklqana.
     4 | D        | Found an opulent altar of Gozag.
    83 | D        | Became a worshipper of the Wu Jian Council
    96 | D        | Reached XP level 2. HP: 24/24 MP: 2/2
    99 | D        | Entered arena 2.
    99 | D        | Noticed a wight
    99 | D        | Found a transporter.
   101 | D        | Killed a wight
   102 | D        | Reached skill level 1 in Dodging
   102 | D        | Reached XP level 3. HP: 30/30 MP: 3/3
   106 | D        | Reached XP level 4. HP: 37/37 MP: 4/4
   111 | D        | Entered arena 3.
   111 | D        | Noticed a hell hound
   111 | D        | Found a transporter.
   115 | D        | Reached * piety under Wu Jian
   116 | D        | Reached skill level 5 in Shields
   116 | D        | Killed a hell hound
   117 | D        | Reached XP level 5. HP: 43/43 MP: 5/5
   122 | D        | Entered arena 4.
   122 | D        | Found a transporter.
   124 | D        | Reached ** piety under Wu Jian
   125 | D        | Reached skill level 5 in Fighting
   125 | D        | Reached skill level 5 in Armour
   132 | D        | Entered arena 5.
   132 | D        | Noticed a wolf
   132 | D        | Noticed a black bear
   132 | D        | Noticed a wolf
   132 | D        | Noticed a black bear
   132 | D        | Found a transporter.
   134 | D        | Killed a wolf
   134 | D        | Reached *** piety under Wu Jian
   134 | D        | Killed a black bear
   135 | D        | Reached skill level 10 in Long Blades
   135 | D        | Reached XP level 6. HP: 49/52 MP: 6/6
   136 | D        | Killed a black bear
   137 | D        | Reached XP level 7. HP: 48/58 MP: 7/7
   137 | D        | Reached **** piety under Wu Jian
   195 | D        | Entered arena 6.
   195 | D        | Found a transporter.
   200 | D        | Reached skill level 5 in Dodging
   200 | D        | Reached skill level 10 in Shields
   200 | D        | Reached XP level 8. HP: 67/67 MP: 8/8
   201 | D        | Reached ***** piety under Wu Jian
   214 | D        | Got Kuczuj's Reference Book on Supportive Malediction
   218 | D        | Entered arena 7.
   219 | D        | Found a transporter.
   240 | D        | Got the ring "Haiwkiss" {rF+ rC+ Str+2 Dex-3 Slay+3}
   248 | D        | Got Byodghi's Collected Works on Feathery Envenoming
   257 | D        | Learned a level 2 spell: Wereblood
   258 | D        | Entered arena 8.
   258 | D        | Noticed a spriggan rider
   258 | D        | Noticed a spriggan druid
   259 | D        | Found a transporter.
   261 | D        | Killed a spriggan druid
   261 | D        | Reached XP level 9. HP: 74/75 MP: 9/9
   261 | D        | Reached ****** piety under Wu Jian
   261 | D        | Killed a hornet
   274 | D        | Entered arena 9.
   275 | D        | Found a transporter.
   299 | D        | Entered arena 10.
   300 | D        | Found a transporter.
   304 | D        | Reached XP level 10. HP: 83/83 MP: 10/10
   320 | D        | Got the ring of Reama {Wiz +Fly Int+3 Dex-3 Slay+4}
   331 | D        | Entered arena 11.
   331 | D        | Noticed a deep elf mage
   331 | D        | Noticed a deep elf archer
   331 | D        | Noticed a deep elf knight
   331 | D        | Noticed a deep elf knight
   331 | D        | Noticed a deep elf archer
   331 | D        | Noticed a +4 mace of protection
   331 | D        | Noticed a deep elf archer
   331 | D        | Noticed a deep elf mage
   331 | D        | Noticed a +2 flail of draining
   332 | D        | Identified the +5 broad axe "Taziyrin" {venom, Int+2 SInv}
   332 | D        | Found a transporter.
   333 | D        | Killed a +2 flail of draining
   337 | D        | Killed a deep elf archer
   337 | D        | Killed a deep elf knight
   337 | D        | Killed a +4 mace of protection
   338 | D        | Reached skill level 10 in Fighting
   338 | D        | Reached skill level 10 in Armour
   339 | D        | Killed a deep elf knight
   339 | D        | Killed a deep elf archer
   340 | D        | Reached skill level 15 in Shields
   340 | D        | Reached XP level 11. HP: 66/92 MP: 11/11
   340 | D        | Killed a deep elf mage
   340 | D        | Killed a deep elf mage
   341 | D        | Killed a deep elf archer
   342 | D        | Reached skill level 15 in Long Blades
   349 | D        | Entered arena 12.
   349 | D        | Noticed an orb spider
   349 | D        | Noticed a red ugly thing
   349 | D        | Noticed a cyan ugly thing
   349 | D        | Noticed a fire crab
   350 | D        | Noticed a faun
   350 | D        | Noticed an elephant
   350 | D        | Noticed a faun
   350 | D        | Noticed a mana viper
   350 | D        | Noticed a death drake
   351 | D        | Found a transporter.
   352 | D        | Killed an orb spider
   352 | D        | Noticed a manticore
   353 | D        | Noticed a deep troll
   353 | D        | an elephant changed into a deep troll
   354 | D        | Killed a deep troll
   354 | D        | Killed a manticore
   354 | D        | Killed a red ugly thing
   355 | D        | Killed a mana viper
   356 | D        | Reached skill level 10 in Dodging
   356 | D        | Killed a cyan ugly thing
   357 | D        | Reached XP level 12. HP: 78/102 MP: 12/12
   363 | D        | Entered arena 13.
   363 | D        | Noticed a vampire mage
   364 | D        | Noticed a skeletal warrior
   365 | D        | Found a transporter.
   367 | D        | Killed a vampire mage
   368 | D        | Killed a skeletal warrior
   372 | D        | Got the ring "Quwikow" {+Fly rPois Dex+3}
   375 | D        | Entered arena 14.
   377 | D        | Noticed a pearl dragon
   377 | D        | Noticed an angel
   378 | D        | Found a transporter.
   381 | D        | Killed a pearl dragon
   381 | D        | Killed an angel
   390 | D        | Got the ring "Soqenoh" {+Fly SInv}
   399 | D        | Entered arena 15.
   400 | D        | Noticed a merfolk aquamancer
   400 | D        | Noticed a merfolk javelineer
   400 | D        | Noticed a sea snake
   400 | D        | Noticed a merfolk aquamancer
   400 | D        | Noticed a merfolk impaler
   401 | D        | Noticed a merfolk avatar
   401 | D        | Noticed a merfolk aquamancer
   401 | D        | Noticed a merfolk javelineer
   401 | D        | Noticed a merfolk impaler
   401 | D        | Identified the +6 shortbow "Sokliad" {venom, Dex+2}
   402 | D        | Found a transporter.
   402 | D        | Killed a sea snake
   402 | D        | Killed a merfolk aquamancer
   402 | D        | Killed a merfolk javelineer
   402 | D        | Killed a merfolk aquamancer
   402 | D        | Reached XP level 13. HP: 81/111 MP: 13/13
   404 | D        | Killed a merfolk impaler
   404 | D        | Killed a merfolk javelineer
   406 | D        | Killed a merfolk impaler
   409 | D        | Killed a merfolk avatar
   714 | D        | Entered arena 16.
   715 | D        | Noticed a merfolk javelineer
   715 | D        | Noticed a stone giant
   715 | D        | Noticed a merfolk javelineer
   715 | D        | Noticed a deep elf master archer
   717 | D        | Noticed a stone giant
   717 | D        | Noticed a yaktaur captain
   718 | D        | Found a transporter.
   718 | D        | Identified the +5 long sword "Xaxut" {holy, rC++ Stlth+}
   718 | D        | Noticed a yaktaur captain
   719 | D        | Killed a merfolk javelineer
   719 | D        | Killed a deep elf master archer
   720 | D        | Killed a stone giant
   721 | D        | Killed a yaktaur captain
   721 | D        | Killed a merfolk javelineer
   722 | D        | Killed a stone giant
   723 | D        | Reached XP level 14. HP: 66/121 MP: 14/14
   910 | D        | Entered arena 17.
   913 | D        | Noticed a purple draconian
   913 | D        | Noticed a green draconian
   913 | D        | Noticed a white draconian
   913 | D        | Noticed a purple draconian shifter
   913 | D        | Noticed a red draconian
   913 | D        | Noticed a black draconian
   913 | D        | Noticed a yellow draconian
   913 | D        | Noticed a white draconian
   913 | D        | Noticed a yellow draconian
   913 | D        | Noticed a yellow draconian
   914 | D        | Found the ring of Phasing {EV+8}
   915 | D        | Identified the +5 flail of Righteous Fury {vorpal, rC+
                  | Dex+4}
   915 | D        | Noticed a white draconian
   915 | D        | Noticed a black draconian
   915 | D        | Noticed a red draconian
   915 | D        | Noticed a red draconian
   916 | D        | Found a transporter.
   916 | D        | Noticed a black draconian
   917 | D        | Killed a green draconian
   917 | D        | Killed a black draconian
   917 | D        | Reached skill level 15 in Fighting
   917 | D        | Reached skill level 15 in Armour
   918 | D        | Killed a yellow draconian
   919 | D        | Killed a white draconian
   921 | D        | Killed a yellow draconian
   923 | D        | Killed a white draconian
   923 | D        | Killed a purple draconian
   927 | D        | Killed a red draconian
   928 | D        | Found the +3 Elemental Staff {rElec rF++ rC++ Will++ AC+5}
   930 | D        | Killed a black draconian
   930 | D        | Killed a black draconian
   930 | D        | Killed a white draconian
   933 | D        | Killed a yellow draconian
   933 | D        | Killed a red draconian
   933 | D        | Killed a purple draconian shifter
   935 | D        | Killed a red draconian
  1213 | D        | Entered arena 18.
  1216 | D        | Noticed a deep elf blademaster
  1216 | D        | Noticed a deep elf blademaster
  1216 | D        | Noticed a deep elf sorcerer
  1216 | D        | Noticed a deep elf annihilator
  1217 | D        | Found the ring of the Octopus King {Wiz AC+1 EV+1 Str+1
                  | Int+1 Dex+1}
  1218 | D        | Noticed a deep elf annihilator
  1220 | D        | Found a transporter.
  1220 | D        | Killed a deep elf annihilator
  1220 | D        | Found the +8 orange crystal plate armour {Archmagi, Int+3
                  | Clar}
  1220 | D        | Killed a deep elf annihilator
  1220 | D        | Reached XP level 15. HP: 115/132 MP: 15/15
  1221 | D        | Killed a deep elf sorcerer
  1224 | D        | Killed a deep elf blademaster
  1227 | D        | Killed a deep elf blademaster
  1234 | D        | Got a ring of the Octopus King {Wiz AC+1 EV+1 Str+1 Int+1
                  | Dex+1}
  1236 | D        | Got the ring "Keomn" {rElec rPois rF++ Str+6 Int-2}
  1238 | D        | Got the amulet "Zuilielurch" {Inacc Will+}
  1339 | D        | Entered arena 19.
  1345 | D        | Found a transporter.
  1490 | D        | Entered arena 20.
  1495 | D        | Noticed a bone dragon
  1496 | D        | Found the +5 robe of Misfortune {*Contam Harm *Corrode
                  | *Drain *Slow EV+5}
  1500 | D        | Found a transporter.
  1506 | D        | Killed a bone dragon
  1507 | D        | Reached skill level 15 in Dodging
  1603 | D        | Entered arena 21.
  1608 | D        | Noticed a stone giant
  1609 | D        | Noticed a deep elf master archer
  1609 | D        | Noticed a stone giant
  1609 | D        | Noticed a deep elf master archer
  1609 | D        | Noticed a deep elf master archer
  1609 | D        | Noticed a stone giant
  1610 | D        | Identified the amulet "Tutek" {Spirit Int+5}
  1610 | D        | Noticed a deep elf master archer
  1610 | D        | Identified the +3 great sword "Ralygen" {speed, +Rage rN+
                  | Str-4}
  1610 | D        | Identified the cursed +0 chain mail of Lesser Demons {rPois
                  | rC+ Will+ Regen+}
  1611 | D        | Found a transporter.
  1612 | D        | Killed a stone giant
  1612 | D        | Identified the cursed +0 war axe of Shame {chaos, rPois rC+
                  | rN++ Int+4}
  1612 | D        | Killed a deep elf master archer
  1612 | D        | Killed a deep elf master archer
  1613 | D        | Reached XP level 16. HP: 143/143 MP: 16/16
  1613 | D        | Killed a deep elf master archer
  1613 | D        | Killed a deep elf master archer
  1628 | D        | Entered arena 22.
  1632 | D        | Noticed an Orb Guardian
  1632 | D        | Noticed an Orb Guardian
  1632 | D        | Noticed an Orb Guardian
  1633 | D        | Noticed a golden dragon
  1633 | D        | Noticed an Orb Guardian
  1633 | D        | Noticed an Orb Guardian
  1633 | D        | Noticed an Orb Guardian
  1633 | D        | Noticed a tentacled monstrosity
  1633 | D        | Noticed an Orb Guardian
  1634 | D        | Noticed an Orb Guardian
  1634 | D        | Noticed an Orb Guardian
  1634 | D        | Noticed a golden dragon
  1634 | D        | Noticed a storm dragon
  1634 | D        | Identified the +11 great sword "Adeergh" {pain, +Inv Str+3}
  1635 | D        | Found a transporter.
  1635 | D        | Killed an Orb Guardian
  1635 | D        | Killed an Orb Guardian
  1635 | D        | Killed an Orb Guardian
  1635 | D        | Noticed an Orb Guardian
  1635 | D        | Noticed an Orb Guardian
  1635 | D        | Killed an Orb Guardian
  1635 | D        | Killed an Orb Guardian
  1635 | D        | Killed an Orb Guardian
  1635 | D        | Killed a golden dragon
  1635 | D        | Killed an Orb Guardian
  1635 | D        | Killed a storm dragon
  1635 | D        | Killed an Orb Guardian
  1636 | D        | Reached skill level 27 in Shields
  1636 | D        | Reached XP level 17. HP: 152/155 MP: 17/17
  1637 | D        | Killed an Orb Guardian
  1638 | D        | Killed an Orb Guardian
  1639 | D        | Killed a tentacled monstrosity
  1640 | D        | Killed an Orb Guardian
  1640 | D        | Killed a golden dragon
  1655 | D        | Got the amulet "Minug" {Acrobat rF+ rC- Dex+2}
  1785 | D        | Entered arena 23.
  1792 | D        | Noticed an Ice Fiend
  1795 | D        | Found a transporter.
  1796 | D        | Reached skill level 1 in Spellcasting
  1796 | D        | Killed an Ice Fiend
  1796 | D        | Reached skill level 27 in Long Blades
  1796 | D        | Reached skill level 5 in Spellcasting
  1796 | D        | Reached skill level 5 in Transmutations
  1796 | D        | Reached XP level 18. HP: 84/168 MP: 17/26
  2003 | D        | Got the amulet of Awe {Acrobat rN+ Str-3 Dex+7}
  2010 | D        | Got the ring "Mylurroh" {Ice rElec rN+ Str-2}
  2022 | D        | Got the ring "Laahu" {+Fly rN++ rCorr Str+4 Dex-4}
  2053 | D        | Entered arena 24.
  2061 | D        | Noticed a titan
  2062 | D        | Noticed a titan
  2062 | D        | Noticed a titan
  2062 | D        | Noticed a titan
  2062 | D        | Noticed a titan
  2062 | D        | Noticed a titan
  2062 | D        | Noticed a titan
  2062 | D        | Identified the amulet "Vitzexeu" {Reflect *Contam rC+ Int+2
                  | SH+5 SInv}
  2063 | D        | Noticed a titan
  2064 | D        | Found a transporter.
  2064 | D        | Noticed a titan
  2065 | D        | Found the ring of the Mage {Wiz Will++ Int+3}
  2065 | D        | Killed a titan
  2065 | D        | Killed a titan
  2066 | D        | Reached skill level 10 in Transmutations
  2066 | D        | Killed a titan
  2066 | D        | Killed a titan
  2066 | D        | Killed a titan
  2067 | D        | Reached skill level 10 in Spellcasting
  2070 | D        | Killed a titan
  2072 | D        | Killed a titan
  2072 | D        | Killed a titan
  2075 | D        | Reached XP level 19. HP: 143/180 MP: 21/35
  2076 | D        | Killed a titan
  2256 | D        | Entered arena 25.
  2263 | D        | Noticed a pearl dragon
  2263 | D        | Noticed a pearl dragon
  2264 | D        | Found the +10 morningstar "Eos" {elec, Halo rElec}
  2266 | D        | Identified the +6 crystal plate armour of the Falcon
                  | {Int+6}
  2266 | D        | Identified the ring of Ikuwkat {rPois Will++ Str+6 Int-4
                  | Stlth+}
  2267 | D        | Identified the ring "Azimunwo" {+Inv +Fly Dex+4}
  2275 | D        | Reached skill level 15 in Transmutations
  2275 | D        | Killed a pearl dragon
  2277 | D        | Killed a pearl dragon
  2283 | D        | Reached skill level 15 in Spellcasting
  2306 | D        | Reached XP level 20. HP: 40/195 MP: 39/41
  2318 | D        | Found a transporter.
  2665 | D        | Learned a level 5 spell: Irradiate
  2672 | D        | Entered arena 26.
  2684 | D        | Identified the ring "Beromn" {+Fly rElec Will+ Dex+3}
  2684 | D        | Identified the +1 plate armour "Gaos" {Int-4 Dex+9 SInv}
  2685 | D        | Identified the ring of Xer Qaj {Str+2 Int+6}
  2685 | D        | Identified the ring "Kitoub" {Fire rN++ Int+5 Dex-4}
  2686 | D        | Identified the amulet "Annirek" {rN+ Regen+ Dex+2}
  2686 | D        | Identified the +5 scimitar "Wupsigy" {flame, rPois rN+
                  | Will+ Str+4}
  2687 | D        | Identified the +2 robe "Hixt" {rN+ Regen+ Stlth+}
  2688 | D        | Reached skill level 27 in Fighting
  2688 | D        | Reached skill level 27 in Armour
  2688 | D        | Found a transporter.
  2695 | D        | Reached XP level 21. HP: 191/204 MP: 42/46
  2789 | D        | Got the Guide on Feathers and Summoning
  2802 | D        | Got the +2 pair of boots of the Devil's Team {rF+ Str+2}
  2810 | D        | Learned a level 1 spell: Beastly Appendage
  2817 | D        | Learned a level 6 spell: Statue Form
  2819 | D        | Entered arena 27.
  2831 | D        | Identified the +7 flail of the Maze {vorpal, +Rage rPois}
  2831 | D        | Noticed Vothrog the pandemonium lord
  2832 | D        | Noticed Feteb the pandemonium lord
  2832 | D        | Noticed Naevew the pandemonium lord
  2832 | D        | Noticed Vaiciz the pandemonium lord
  2832 | D        | Noticed Jemamp the pandemonium lord
  2832 | D        | Noticed Cauplux the pandemonium lord
  2832 | D        | Noticed Namem the pandemonium lord
  2832 | D        | Noticed Qoraix the pandemonium lord
  2832 | D        | Noticed Owimoos the pandemonium lord
  2832 | D        | Noticed Isodgh the pandemonium lord
  2832 | D        | Noticed Uheepnih the pandemonium lord
  2832 | D        | Noticed Rulyrol the pandemonium lord
  2833 | D        | Noticed Selekagg the pandemonium lord
  2833 | D        | Noticed Bic Viol the pandemonium lord
  2833 | D        | Noticed Fikumev the pandemonium lord
  2833 | D        | Noticed Imolehio the pandemonium lord
  2833 | D        | Noticed Fisounwo the pandemonium lord
  2833 | D        | Noticed Toakat the pandemonium lord
  2833 | D        | Noticed Vozxiz the pandemonium lord
  2833 | D        | Noticed Sypp the pandemonium lord
  2833 | D        | Noticed Nelal the pandemonium lord
  2833 | D        | Noticed Waobao the pandemonium lord
  2833 | D        | Noticed Fyfech the pandemonium lord
  2833 | D        | Noticed Zenooc the pandemonium lord
  2833 | D        | Noticed Duagon the pandemonium lord
  2833 | D        | Noticed Huakufew the pandemonium lord
  2833 | D        | Noticed Dimef the pandemonium lord
  2833 | D        | Noticed Kar Iry the pandemonium lord
  2833 | D        | Noticed Unaq the pandemonium lord
  2833 | D        | Noticed Jum Siri the pandemonium lord
  2833 | D        | Noticed Sulug the pandemonium lord
  2836 | D        | HP: 10/265 [Vothrog the pandemonium lord (6)]
  2837 | D        | Slain by Qoraix the pandemonium lord

Illustrated notes

Levels and vault maps discovered:
D:        sprint_v [room_start, room_1, room_2, room_3, room_4, room_5, room_6,
          room_7, room_8, room_9, room_10, room_11, room_12, room_13, room_14,
          room_15, room_16, room_17, room_18, room_19, room_20, room_21,
          room_22, room_23, room_24, room_25, room_26, room_27]

Skill      XL: |  1  2  3  4  5  6  7  8  9 10 11 12 13 14 15 16 17 18 19 20 21 |
---------------+----------------------------------------------------------------+-----
Long Blades    | 7 8 9 10 11 12 13 14 15 17 19 21 22 25 27 | 27.0
Dodging        | 1 2 4 5 6 7 8 10 11 12 14 15 17 19 21 23 25 | 25.8
Shields        | 4 6 8 9 10 12 13 15 17 19 21 23 25 27 | 27.0
Fighting       | 4 5 6 7 8 9 10 12 13 14 16 18 20 22 24 26 27 | 27.0
Armour         | 4 5 6 7 8 9 10 12 13 14 16 18 20 21 24 26 27 | 27.0
Spellcasting   | 5 12 17 21 22 | 22.1
Transmutations | 5 13 18 23 | 23.6

Action                   |  1- 3 |  4- 6 |  7- 9 | 10-12 | 13-15 | 16-18 | 19-21 || total
-------------------------+-------+-------+-------+-------+-------+-------+-------++-------
Melee: Double sword      |     6 |    10 |    36 |    45 |   110 |    57 |   100 ||   364
 Cast: Wereblood         |       |       |       |       |       |     1 |     4 ||     5
       Statue Form       |       |       |       |       |       |       |     1 ||     1
       Beastly Appendage |       |       |       |       |       |       |     1 ||     1
Invok: Whirlwind         |       |     7 |    20 |    28 |    61 |    30 |    64 ||   210
       Lunge             |       |       |     7 |     8 |    17 |    17 |    10 ||    59
       Serpent's Lash    |       |       |     1 |     3 |     6 |     3 |     4 ||    17
       Heavenly Storm    |       |       |       |     1 |     6 |     2 |     3 ||    12
  Use: Potion            |     1 |       |       |       |     8 |       |     6 ||    15
Armor: Gold dragon scale |     3 |     8 |     3 |     5 |    10 |     4 |    10 ||    43
       Skin              |       |       |       |       |       |       |     4 ||     4
Dodge: Dodged            |       |       |     1 |       |    12 |     2 |     9 ||    24
Block: Kite shield       |    12 |    12 |    16 |    21 |    77 |    24 |    62 ||   224
       Reflection        |       |       |       |       |       |       |    17 ||    17

Table legend: (Time is in decaauts)
 A = Elapsed time spent in this place.
 B = Non-inter-level travel time spent in this place.
 C = Inter-level travel time spent in this place.
 D = Time resting spent in this place.
 E = Time spent auto-exploring this place.
 F = Levels seen in this place.
 G = Mean time per level.
                   A        B        C        D        E       F      G
               +--------+--------+--------+--------+--------+-----+--------+
         Total |   2830 |   2816 |     14 |   1716 |     15 |   1 | 2830.0 |
       Dungeon |   2830 |   2816 |     14 |   1716 |     15 |   1 | 2830.0 |
               +--------+--------+--------+--------+--------+-----+--------+

Top non-repeatable levels by time:
       D: 2830 daAuts
